 Dungeon Sprint DCSS version 0.16.1-28-gcc2312f (webtiles) character file.

31 Kidiri the Shooter (level 3, -1/39 HPs)
             Began as a Halfling Hunter on May 28, 2015.
             Was an Initiate of Okawaru.
             Slain by Edmund
             ... wielding a +2 flail of draining
              (10 damage)
             ... in the Dungeon (Sprint VII: "The Pits").
             The game lasted 00:04:46 (334 turns).

Kidiri the Shooter (Halfling Hunter)                 Turns: 334, Time: 00:04:46

Health: -1/39      AC:  3    Str: 17    XL:     3   Next: 40%
Magic:  3/3        EV: 14    Int: 10    God:    Okawaru [......]
Gold:   0          SH:  0    Dex: 15    Spells: 0 memorised, 2 levels left

rFire  . . .     SeeInvis .     l - +2 dagger
rCold  . . .     Clarity  .     d - +0 leather armour
rNeg   . . .     SustAb   .     (no shield)
rPois  .         Gourm    .     (no helmet)
rElec  .         Spirit   .     (no cloak)
rCorr  .         Warding  .     (no gloves)
rMut   .         NoTele   +     (no boots)
MR     .....                    (no amulet)
Stlth  ..........               (no ring)
                                (no ring)

@: berserking, heavily drained, very quick, not resistant to hostile
enchantments, extremely unstealthy
A: mutation resistance 1
a: Renounce Religion


You were in the Dungeon.
You worshipped Okawaru.
Okawaru was noncommittal.
You were not hungry.

You visited 1 branch

Inventory:

Hand weapons
 a - a +0 short sword
 b - a +1 shortbow
 l - a +2 dagger (weapon)
Missiles
 c - 6 arrows
Armour
 d - a +0 leather armour (worn)
Scrolls
 k - a scroll of blinking
 p - 3 scrolls of remove curse
 q - 5 scrolls of amnesia
 r - a scroll of summoning
Potions
 e - a potion of curing
 h - a potion of haste
 i - 4 potions of magic
 j - 2 potions of berserk rage
 o - 2 potions of invisibility
Comestibles
 f - 8 bread rations
 m - 40 fruits
 n - 7 meat rations


   Skills:
 * Level 3.0(1.5) Fighting
 + Level 2.1(0.6) Short Blades
 * Level 5.9(4.2) Bows
 + Level 2.9(1.5) Dodging
 * Level 4.0(2.5) Stealth
 + Level 1.8(0.3) Invocations


You had 2 spell levels left.
You didn't know any spells.

Dungeon Overview and Level Annotations

Branches:
Dungeon (1/1)

Altars:
Ashenzari
Cheibriados
Dithmenos
Elyvilon
Fedhas
Gozag
Kikubaaqudgha
Makhleb
Nemelex Xobeh
Okawaru
Qazlal
Ru
Sif Muna
Trog
Vehumet
Xom
Yredelemnul
Zin
The Shining One
Beogh
Jiyva
Lugonu

Annotations:
D Edmund


Innate Abilities, Weirdness & Mutations

You are small and have problems with some larger weapons.
You are somewhat resistant to further mutation.


Message History

Edmund is heavily wounded.
Edmund hits you with a flail of draining!
You feel drained.
You barely miss Edmund.
Edmund is heavily wounded.
You hit Edmund.
Edmund is severely wounded.
Edmund hits you with a flail of draining!
* * * LOW HITPOINT WARNING * * *
You feel drained.
* * * LOW HITPOINT WARNING * * *
You puncture Edmund!
Edmund is almost dead.
You closely miss Edmund.
Edmund is almost dead.
Edmund closely misses you.
You hit Edmund.
Edmund is almost dead.
Edmund hits you with a flail of draining!
You die...

#_#)))'.'..##...........
#_#).)#.#?(##......#..#.
#######'#####............
#.......†...)............
#+#####'#####......#..#..
#.....##............
#####'#####'#####++#
#....†##.......#
#..@..##.......#
###@####.......#
#...((##...<...#
........##.......#
#(....(.(##.......#
###########.......#
#########


You could see Edmund.

Vanquished Creatures
  3 giant mites (D)
  A giant gecko (D)
  An orc (D)
  3 jackals (D)
  A bat (D)
  A giant newt (D)
10 creatures vanquished.

Notes
Turn   | Place    | Note
--------------------------------------------------------------
     0 | D        | Kidiri, the Halfling Hunter, began the quest for the Orb.
     0 | D        | Reached XP level 1. HP: 14/14 MP: 1/1
    14 | D        | Reached skill level 5 in Bows
    28 | D        | Found a sacrificial altar of Ru.
    28 | D        | Found a basalt altar of Yredelemnul.
    28 | D        | Found a shadowy altar of Dithmenos.
    28 | D        | Found a deep blue altar of Sif Muna.
    28 | D        | Found a burning altar of Makhleb.
    28 | D        | Found a shimmering altar of Xom.
    28 | D        | Found an ancient bone altar of Kikubaaqudgha.
    28 | D        | Found a sparkling altar of Nemelex Xobeh.
    29 | D        | Found a glowing golden altar of the Shining One.
    29 | D        | Found a bloodstained altar of Trog.
    29 | D        | Found a shattered altar of Ashenzari.
    29 | D        | Found a white marble altar of Elyvilon.
    29 | D        | Found a snail-covered altar of Cheibriados.
    29 | D        | Found a blossoming altar of Fedhas.
    29 | D        | Found a radiant altar of Vehumet.
    29 | D        | Found a glowing silver altar of Zin.
    29 | D        | Found a corrupted altar of Lugonu.
    29 | D        | Found a viscous altar of Jiyva.
    29 | D        | Found a roughly hewn altar of Beogh.
    29 | D        | Found an iron altar of Okawaru.
    55 | D        | Found a stormy altar of Qazlal.
    61 | D        | Found an opulent altar of Gozag.
    74 | D        | Became a worshipper of Warmaster Okawaru
   138 | D        | Reached skill level 1 in Short Blades
   138 | D        | Reached XP level 2. HP: 16/20 MP: 2/2
   211 | D        | Reached skill level 1 in Invocations
   300 | D        | Reached XP level 3. HP: 25/25 MP: 3/3
   314 | D        | Noticed Edmund
   334 | D        | Slain by Edmund

Action                   || total
-------------------------++-------
Melee: Dagger            ||    20
 Fire: Shortbow          ||    26
  Use: Potion            ||     2
